AoeStats
← kswistek

Arena

510584764Analyzed
2v2 RM · 12h ago on Oct 1, 2026· 38m 13s· 4 players
Game mode
Random Map
Map size
Medium (4 player)
Population
200
Speed
Normal
Resources
Standard
Victory
Conquest
Starting age
Dark Age
Ending age
Imperial Age
RankedLock teamsTeams togetherTeam positionsShared explorationLock speedFull tech treeHidden civsTurbo modeCheats
Victory
Defeat
🇨🇱 Italians · Chile
1178
+19
🇦🇷 Burgundians · Argentina
1173
+19
🇵🇱 Varangians · Poland
1262
-20
🇵🇱 Malians · Poland
1226
-18
Brisa Marcos
3:32 Loom
5:00 Loom
5:35 Double-Bit Axe
9:39 Feudal Age
8:23 Horse Collar
9:05 Gold Mining
10:43 Bow Saw
16:44 Castle Age
15:54 Gold Shaft Mining
16:27 Stone Mining
21:10 Wheelbarrow
21:24 Heavy Plow
26:01 Imperial Age
24:18 Forging
25:25 Two-Man Saw
25:48 Forging
25:44 Scale Barding Armor
27:35 Iron Casting
27:51 Hand Cart
28:00 Chain Barding Armor
28:20 Conscription
28:51 Husbandry
30:28 Blast Furnace
29:35 Town Watch
32:08 Elite Coustillier
33:56 Plate Barding Armor
33:12 Fletching
35:02 Bodkin Arrow
Hundeknacker
11:56 Feudal Age
13:35 Double-Bit Axe
16:01 Castle Age
18:04 Horse Collar
18:52 Loom
19:42 Loom
22:54 Imperial Age
20:39 Gold Mining
21:52 Forging
21:59 Fletching
24:46 Chemistry
25:07 Ballistics
27:13 Bodkin Arrow
29:28 Bracer
29:42 Town Watch
35:05 Padded Archer Armor
38:55 Wheelbarrow
ALG1S
10:59 Feudal Age
12:02 Loom
12:42 Double-Bit Axe
14:59 Castle Age
12:41 Horse Collar
16:21 Bow Saw
21:38 Wheelbarrow
22:52 Gold Mining
23:54 Stone Mining
28:56 Imperial Age
27:09 Forging
27:04 Scale Barding Armor
27:11 Bloodlines
28:19 Stone Shaft Mining
27:55 Fletching
29:14 Chain Barding Armor
28:57 Husbandry
30:38 Iron Casting
29:26 Light Cavalry
30:30 Conscription
29:56 Elite Jarl
32:03 Plate Barding Armor
32:29 Blast Furnace
31:25 Bodkin Arrow
35:48 Chemistry
34:50 Padded Archer Armor
34:11 Elite Skirmisher
kswistek
11:37 Feudal Age
16:08 Castle Age
14:07 Double-Bit Axe
15:50 Horse Collar
19:02 Scale Mail Armor
19:13 Forging
23:22 Chain Mail Armor
32:44 Ballistics
31:55 Elite Skirmisher
39:04 Imperial Age
Connection lost

Rejoining the realm…

Still unreachable

The connection could not be restored.

Session expired

The server has moved on; the page needs a fresh start.